 Seeded DCSS version 0.29.1-15-g9cfb28693d (webtiles) character file.

Game seed: 16245865983455551772 (custom seed)

2 Atreus the Chopper (level 1, 19/19 HPs)
             Began as a Palentonga Berserker on Mar 9, 2023.
             Was a Follower of Trog.
             Quit the game on level 1 of the Dungeon.
             The game lasted 00:00:29 (64 turns).

Atreus the Chopper (Palentonga Berserker)             Turns: 64, Time: 00:00:30

Health: 19/19      AC:  4    Str: 22    XL:     1   Next: 33%
Magic:  1/1        EV:  9    Int:  7    God:    Trog [*.....]
Gold:   951        SH:  0    Dex:  9    Spells: 0/0 levels left

rFire   . . .      SeeInvis +   a - +0 hand axe
rCold   . . .      Faith    .   (no shield)
rNeg    . . .      Spirit   .   b - +0 animal skin
rPois   .          Reflect  .   (no helmet)
rElec   .          Harm     .   (no cloak)
rCorr   .          Rampage  .   (no gloves)
Will    .....                   (no barding)
Stlth   +.........              (no amulet)
HPRegen 0.06/turn               (no ring)
MPRegen 0.07/turn               (no ring)

@: no status effects
A: large, rugged brown scales 3, see invisible, deformed body, roll 1, armoured
tail
a: Rolling Charge, Renounce Religion, Berserk


You were on level 1 of the Dungeon.
You worshipped Trog.
Trog was aware of your devotion.
You visited 1 branch of the dungeon, and saw 1 of its levels.

You collected 951 gold pieces.

Inventory:

Hand Weapons
 a - a +0 hand axe (weapon)
Armour
 b - a +0 animal skin (worn)
 d - the +0 pair of gloves of the Albatross {rF+ Str+2 Int+4 Slay+3}
   (You acquired it on level 1 of the Dungeon)

   Str:       It affects your strength (+2).
   Int:       It affects your intelligence (+4).
   Slay:      It affects your accuracy & damage with ranged weapons and melee
   (+3).
   rF:        It protects you from fire.
 e - the +6 lightning scales {swift, rElec}
   (You acquired it on level 1 of the Dungeon)

   It allows the wearer to cover ground more swiftly.
   rElec:     It insulates you from electricity.


   Skills:
 + Level 3.0 Fighting
 + Level 3.0 Axes
 + Level 1.5 Armour
 + Level 1.6 Dodging


You couldn't memorise any spells.
You didn't know any spells.
Your spell library was empty.

Dungeon Overview and Level Annotations

Branches:
Dungeon (1/15)

Altars:


Innate Abilities, Weirdness & Mutations

You are completely covered in rugged brown scales. (AC +3, +7% HP)
You have supernaturally acute eyesight. (SInv)
Armour fits poorly on your strangely shaped body.
You can roll at nearby foes to attack.
You have a long armoured tail.


Message History

Found a staircase leading out of the dungeon.
Found two escape hatches in the floor.
Found a dagger.
You see here a +0 dagger.
A goblin comes into view. It is wielding a +0 dagger.
The goblin shouts!
A quokka comes into view.
An endoplasm comes into view.
The endoplasm quivers.
The goblin hits you but does no damage.
Roll where?
Press: ? - help, Q - select action Dir - move target, f - endoplasm
Aim: an endoplasm You roll forward with a clatter of scales!
Found 3 scrolls labelled WAC GOIFOFITOUPLEC.
You slash the endoplasm!
You kill the endoplasm!
Trog accepts your kill. The goblin closely misses you.
The goblin closely misses you.
You hit the goblin.
The goblin is moderately wounded.
The goblin hits you but does no damage.
You hit the goblin but do no damage. You tail-slap the goblin.
You kill the goblin!
Trog accepts your kill.
Things that are here:
a +0 dagger; a goblin corpse
c - 3 scrolls labelled WAC GOIFOFITOUPLEC
There are no items here.
This is a scroll of acquirement!
Something appears at your feet!
d - the +0 pair of gloves of the Albatross {rF+ Str+2 Int+4 Slay+3} Something appears at your feet!
e - the +6 lightning scales {swift, rElec} Something appears at your feet!
You now have 951 gold pieces.
Are you sure you want to abandon this character and quit the game? (Confirm with "yes".)
Okay, then.
Are you sure you want to abandon this character and quit the game? (Confirm with "yes".)

### # #.. .# #.#
#.# # #.######..###
.###.##.#..........
.......@..#..#.....
.###.##...#..# ...
#...###.## # #...#
#..# ...# #..##
##)# .... #..#.r
#..# ....#
#.##...##.## ....#
..#.... #..#.....#
#..#.....#..#....#


There were no monsters in sight!

Vanquished Creatures
  An endoplasm (D:1)
  A goblin (D:1)
2 creatures vanquished.

Notes
Turn   | Place    | Note
-------+----------+-------------------------------------------
     0 | D:1      | Atreus the Palentonga Berserker began the quest for the
                  | Orb.
     0 | D:1      | Reached XP level 1. HP: 19/19 MP: 1/1
    58 | D:1      | Identified 3 scrolls of acquirement
    58 | D:1      | Acquired the +0 pair of gloves of the Albatross {rF+ Str+2
                  | Int+4 Slay+3}
    60 | D:1      | Acquired the +6 lightning scales {swift, rElec}
    60 | D:1      | Found the +6 lightning scales {swift, rElec}
    62 | D:1      | Acquired 951 gold pieces
    64 | D:1      | Quit the game

Illustrated notes

Levels and vault maps discovered:
D:1:      minmay_arrival_hallway, layout_loops_corners, basic_ecumenical_altar,
          minmay_unequal

Action                   || total
-------------------------++-------
Melee: Hand axe          ||     3
       Tailslap          ||     1
 Abil: Rolling Charge    ||     1
  Use: Scroll            ||     3
Armor: Animal skin       ||     2
Dodge: Dodged            ||     2
